 Dungeon Crawl Stone Soup version 0.31-a0-986-g5e6e4ef867 (webtiles) character file.

Game seed: 7597293947711303790

11765 CowFu the Fighter (level 11, -13/91 HPs)
             Began as a Ghoul Monk on Nov 9, 2023.
             Was an Elder of Hepliaklqana.
             Mangled by a fire elemental (14 damage)
             ... summoned by a deep elf pyromancer
             ... on level 11 of the Dungeon.
             The game lasted 00:09:29 (8625 turns).

CowFu the Fighter (Ghoul Monk)                      Turns: 8625, Time: 00:09:29

Health: -13/91     AC: 16    Str: 20    XL:     11   Next: 82%
Magic:  10/10      EV: 10    Int:  5    God:    Hepliaklqana [****..]
Gold:   371        SH:  0    Dex: 11    Spells: 10/10 levels left

rFire   . .          .
                       - Unarmed
rCold   + + .        B - +1 tower shield
rNeg    + + +        m - +3 scale mail {rC+}
rPois   ∞            (no helmet)
rElec   .            F - +0 cloak
rCorr   .            (no gloves)
SInv    .            d - +0 pair of boots
Will    .....        (no amulet) Stlth
                     l - +4 ring of protection
HPRegen 0.00/turn    G - ring of wizardry
MPRegen 0.12/turn

%: wizardry (x1)
@: confused, ambrosia-drunk, inhibited regen
A: reduced essence, claws 1, cold resistance 1, negative energy resistance 3,
inhibited regeneration, torment resistance 2, devour on kill
a: Renounce Religion, Recall Ancestor, Ancestor Identity, Transference, Idealise


You were on level 11 of the Dungeon.
You worshipped Hepliaklqana.
Hepliaklqana was greatly pleased with you.
You visited 1 branch of the dungeon, and saw 11 of its levels.

You collected 585 gold pieces.
You spent 214 gold pieces at shops.

Inventory:

Missiles
 n - a throwing net
Armour
 d - a +0 pair of boots (worn)
 m - a +3 scale mail of cold resistance (worn)
 B - a +1 tower shield (worn)
 E - the +2 leather armour "Jeecram" {rC+ rCorr Int+4 Dex-4}
   (You found it on level 6 of the Dungeon)

   Int+4:     It affects your intelligence (+4).
   Dex-4:     It affects your dexterity (-4).
   rC+:       It protects you from cold.
   rCorr:     It protects you from acid and corrosion.
 F - a +0 cloak (worn)
Jewellery
 l - a +4 ring of protection (left claw)
 G - a ring of wizardry (right claw)
 I - a +4 ring of slaying
 J - a ring of wizardry
Wands
 c - a wand of charming (7)
 s - a wand of quicksilver (10)
 D - a wand of iceblast (14)
Scrolls
 a - a scroll of identify
 e - 5 scrolls of teleportation
 o - a scroll of amnesia
 p - a scroll of vulnerability
 t - 2 scrolls of enchant armour
 C - 2 scrolls of blinking
Potions
 f - a potion of mutation {unknown}
 g - 4 potions of haste
 i - 3 potions of invisibility {unknown}
 k - 3 potions of magic {unknown}
 q - 2 potions of curing {unknown}
 u - 2 potions of resistance {unknown}
 v - 3 potions of berserk rage {unknown}
 z - a potion of cancellation {unknown}
 K - a potion of might {unknown}
 L - a potion of attraction {unknown}
 M - a potion of brilliance {unknown}
 N - a potion of heal wounds {unknown}
 O - a potion of lignification {unknown}


   Skills:
 + Level 11.1 Fighting
 + Level 4.3 Armour
 + Level 9.3 Dodging
 + Level 5.9 Shields
 + Level 11.0 Unarmed Combat


You had 10 spell levels left.
You didn't know any spells.
Your spell library contained the following spells:

 Spells                   Type           Power      Damage    Failure   Level
 Summon Guardian Golem    Hex/Summ       0%         N/A       100%        3
 Orb of Destruction       Conj           0%         9d5       100%        7
 Spellforged Servitor     Conj/Summ      0%         N/A       100%        7


Dungeon Overview and Level Annotations

Branches:
Dungeon (12/15)            Temple (0/1) D:5            Lair (0/5) D:8
    Orc: D:9-12

Altars:
Dithmenos
Hepliaklqana
Kikubaaqudgha
Nemelex Xobeh
Xom

Shops:
D:6 *   D:7 [

Annotations:
D:4 3 runed translucent doors, croobank's ghost, novice OpDe; dragonking145's ghost, novice FoFi; pokeman's ghost, amateur DEHW


Innate Abilities, Weirdness & Mutations

Your life essence is reduced to manifest your ancestor. (-10% HP)
You are immune to poison.
You have sharp fingernails.
Your flesh is cold resistant. (rC+)
You are immune to negative energy. (rN+++)
You do not regenerate when monsters are visible.
You are immune to unholy pain and torment.
You thrive by killing the living.


Message History

Aula hits the fire elemental with a +0 dagger of draining.
The fire elemental hits you. The fire elemental burns you!
You block the fire elemental's attack.
The deep elf pyromancer hits you with a +0 long sword.
* * * LOW HITPOINT WARNING * * *
Aula closely misses the fire elemental.
You are too injured to fight recklessly!
You are too injured to fight recklessly!
You are confused.
You feel invigorated.
The fire elemental hits Aula.
The fire elemental burns Aula!
Aula resists.
The fire elemental barely misses you. The fire elemental hits you.
The fire elemental burns you!
* * * LOW HITPOINT WARNING * * *
Aula completely misses the fire elemental.
The deep elf pyromancer hits you but does no damage.
Aula hits the fire elemental with a +0 dagger of draining!
The fire elemental hits Aula.
The fire elemental burns Aula!
Aula resists.
Okay, then.
What are your orders? t - Shout!
Anything else - Cancel.
Okay, then.
You miss the deep elf pyromancer.
The deep elf pyromancer is heavily wounded.
The fire elemental hits you. The fire elemental burns you!
* * * LOW HITPOINT WARNING * * *
The fire elemental hits you. The fire elemental burns you!
* * * LOW HITPOINT WARNING * * *
Aula hits the fire elemental with a +0 dagger of draining!
The fire elemental hits Aula.
The fire elemental burns Aula!
Aula resists.
Aula hits the fire elemental with a +0 dagger of draining.
The deep elf pyromancer hits you with a +0 long sword.
* * * LOW HITPOINT WARNING * * *
The fire elemental hits you. The fire elemental burns you!
* * * LOW HITPOINT WARNING * * *
The fire elemental hits you. The fire elemental burns you!
You die...

#....# #....#
#....####
#.......
#.....E
#....R#
#...e.# #.@.#
#EE.# # #...#
#.#...####..#
#.#.........#
.#
#.....###...#
.# #.....#
#...# #.# #
#..#..# #...#
#.# # #..#..#
#...# #.# #


You could see the friendly Aula the hexer, a deep elf pyromancer and 3 fire
elementals.

Vanquished Creatures
  A boulder beetle (D:12)
  2 two-headed ogres (D:12)
  2 ugly things
  A cyclops (D:12)
  A manticore (D:12)
  A gargoyle (D:11)
  Prince Ribbit (D:8)
  5 slime creatures (D:12)
  Sigmund (D:3)
  A wyvern (D:8)
  2 yaks (D:12)
  A basilisk (D:12)
  Menkaure (D:4)
  A water moccasin (D:7)
  3 black bears
  2 orc warriors
  4 ice beasts
  4 ogres
  Blork the orc (D:5)
  A phantom (D:6)
  A kobold brigand (D:6)
  A gnoll sergeant (D:7)
  A scorpion (D:5)
  5 wights (D:6)
  2 killer bees (D:7)
  2 howler monkeys (D:8)
  4 jellies
  2 orc priests (D:8)
  A hound (D:5)
  Crazy Yiuf (D:7)
  A gnoll bouda (D:6)
  Terence (D:3)
  A sleepcap (D:5)
  3 iguanas
  7 orc wizards
  4 adders
  5 gnolls
  2 white imps (D:5)
  3 worms (D:2)
  2 dart slugs (D:2)
  18 orcs
  6 ball pythons
  9 endoplasms
  6 giant cockroaches (D:1)
  4 goblins
  5 hobgoblins
  4 jackals (D:1)
  6 quokkas
  4 bats
  2 frilled lizards
  17 kobolds
  4 rats
170 creatures vanquished.

Vanquished Creatures (collateral kills)
  A two-headed ogre (D:11)
  A manticore (D:11)
  2 cyclopes
  A slime creature (D:12)
  2 wraiths
  A yak (D:12)
  2 vampire mosquitoes (D:12)
  2 water moccasins
  2 black bears
  A sky beast (D:7)
  An orc warrior (D:11)
  A centaur (D:11)
  A kobold brigand (D:8)
  2 scorpions
  A killer bee (D:7)
  2 orc priests
  A gnoll bouda (D:6)
  A hound (D:6)
  An iguana (D:6)
  An orc wizard (D:6)
  3 gnolls (D:6)
  An adder (D:4)
  3 orcs
  2 ball pythons (D:4)
  5 kobolds
41 creatures vanquished.

Vanquished Creatures (others)
  2 hexers
2 creatures vanquished.

Grand Total: 213 creatures vanquished

Notes
Turn   | Place    | Note
-------+----------+-------------------------------------------
     0 | D:1      | CowFu the Ghoul Monk began the quest for the Orb.
     0 | D:1      | Reached XP level 1. HP: 19/19 MP: 0/0
    78 | D:1      | Reached XP level 2. HP: 26/26 MP: 1/1
   381 | D:1      | Reached XP level 3. HP: 33/33 MP: 2/2
  1445 | D:2      | Reached XP level 4. HP: 27/40 MP: 3/3
  1845 | D:3      | Noticed Sigmund
  1874 | D:3      | Killed Sigmund
  1875 | D:3      | Reached skill level 5 in Fighting
  1875 | D:3      | Reached XP level 5. HP: 22/48 MP: 4/4
  1875 | D:3      | Reached XP level 6. HP: 25/56 MP: 5/5
  2065 | D:3      | Noticed Terence
  2084 | D:3      | Killed Terence
  2085 | D:3      | Reached skill level 5 in Unarmed Combat
  2364 | D:3      | Found a sparkling altar of Nemelex Xobeh.
  2364 | D:3      | Found a hazy altar of Hepliaklqana.
  2364 | D:3      | Found a shadowy altar of Dithmenos.
  2364 | D:3      | Found a shimmering altar of Xom.
  2420 | D:3      | Became a worshipper of Hepliaklqana the Forgotten
  2420 | D:3      | Reached * piety under Hepliaklqana
  2420 | D:3      | Reached ** piety under Hepliaklqana
  2421 | D:3      | Remembered your ancestor Aula as a hexer
  2652 | D:4      | Noticed Menkaure
  2661 | D:4      | Killed Menkaure
  2662 | D:4      | Reached XP level 7. HP: 38/55 MP: 6/6
  2888 | D:4      | Found a runed translucent gate.
  2889 | D:4      | Found a runed translucent gate.
  2890 | D:4      | Found a runed translucent gate.
  2891 | D:4      | Noticed croobank's ghost (novice OpDe)
  2891 | D:4      | Noticed pokeman's ghost (amateur DEHW)
  2891 | D:4      | Noticed dragonking145's ghost (novice FoFi)
  3118 | D:5      | Entered Level 5 of the Dungeon
  3134 | D:5      | Reached skill level 5 in Dodging
  3182 | D:5      | Reached XP level 8. HP: 48/63 MP: 7/7
  3367 | D:5      | Found a staircase to the Ecumenical Temple.
  3441 | D:5      | Noticed Blork the orc
  3456 | D:5      | Killed Blork the orc
  4045 | D:6      | Reached *** piety under Hepliaklqana
  4088 | D:6      | Reached XP level 9. HP: 71/72 MP: 8/8
  4233 | D:6      | Found Nirhoscho's Assorted Antiques.
  4243 | D:6      | Bought a scroll labelled HOFFOU TEJA for 33 gold pieces
  4243 | D:6      | Bought a scroll labelled QUJIVI UTALL for 33 gold pieces
  4243 | D:6      | Bought a tower shield for 148 gold pieces
  4307 | D:6      | Identified the +2 leather armour "Jeecram" {rC+ rCorr Int+4
                  | Dex-4}
  4634 | D:6      | Reached skill level 1 in Shields
  5313 | D:7      | Found a shimmering altar of Xom.
  5378 | D:7      | Found Fuzoack's Antique Armour Boutique.
  5613 | D:7      | Reached XP level 10. HP: 79/81 MP: 9/9
  5825 | D:7      | Found an ancient bone altar of Kikubaaqudgha.
  6253 | D:7      | Found a runed translucent door.
  6254 | D:7      | Noticed Crazy Yiuf
  6265 | D:7      | Killed Crazy Yiuf
  6329 | D:8      | Noticed Prince Ribbit
  6354 | D:8      | Killed Prince Ribbit
  6531 | D:8      | Found a staircase to the Lair.
  6588 | D:8      | Reached **** piety under Hepliaklqana
  6990 | D:9      | You fall into a shaft and drop 3 floors!
  7000 | D:12     | Noticed a brown ugly thing
  7018 | D:12     | Killed a brown ugly thing
  7024 | D:12     | Reached skill level 1 in Armour
  7106 | D:12     | Noticed a cyclops
  7115 | D:12     | Killed a cyclops
  7187 | D:12     | Identified the +0 robe of Dolotaw {Fly rElec Will- Int-2}
  7205 | D:12     | Noticed a two-headed ogre
  7217 | D:12     | Killed a two-headed ogre
  7218 | D:12     | Reached skill level 10 in Fighting
  7218 | D:12     | Reached skill level 10 in Unarmed Combat
  7335 | D:12     | Noticed a cyclops
  7343 | D:12     | Killed a cyclops
  7395 | D:12     | Reached XP level 11. HP: 77/90 MP: 10/10
  7500 | D:12     | Noticed a manticore
  7510 | D:12     | Killed a manticore
  7511 | D:12     | Reached skill level 5 in Shields
  7811 | D:12     | Noticed a boulder beetle
  7827 | D:12     | Killed a boulder beetle
  7903 | D:12     | Noticed a two-headed ogre
  7910 | D:12     | Killed a two-headed ogre
  8300 | D:11     | Noticed a two-headed ogre
  8304 | D:11     | Noticed a manticore
  8307 | D:11     | Killed a two-headed ogre
  8314 | D:11     | Killed a manticore
  8544 | D:11     | Noticed a cyclops
  8554 | D:11     | Killed a cyclops
  8610 | D:11     | Noticed a cyan ugly thing
  8612 | D:11     | Noticed a deep elf pyromancer
  8621 | D:11     | Killed a cyan ugly thing
  8625 | D:11     | HP: 1/91 [fire elemental[a deep elf pyromancer] (6)]
  8625 | D:11     | Mangled by a fire elemental

Illustrated notes

Levels and vault maps discovered:
D:1:      saegor_arrival_fortress, layout_basic, minmay_worlds_worst_comb
D:2:      layout_basic
D:3:      cheibrodos_fertilizer, layout_loops_ring, uniq_terence, uniq_sigmund
D:4:      layout_cave_pools, gammafunk_ghost_cemetery, uniq_menkaure
D:5:      layout_loops_ring, minmay_temple_entry_enclosed_plants,
          uniq_blork_the_orc
D:6:      minmay_clustersquares, layout_basic, serial_shops,
          nicolae_lakefront_shop
D:7:      layout_basic, amcnicky_altar_gilded, kiku_gazebo_pond_becter,
          serial_shops, nicolae_lakefront_shop, uniq_crazy_yiuf_cottage
D:8:      layout_loops_ring, dpeg_oklobed_lair, solitary_fountain,
          uniq_prince_ribbit1
D:9:      layout_irregular_city, grunt_temple_overflow_open,
          lemuel_crystal_altar, st_stairs_1, uniq_psyche, uniq_grum
D:11:     layout_long_grid, maelrawn_ghost_gauntlet_escape, minmay_three_doors
D:12:     cheibrodos_elevator_heist, layout_irregular_city, uniq_sonja

Skill      XL: |  1  2  3  4  5  6  7  8  9 10 11 |
---------------+----------------------------------+-----
Dodging        | 3 4 5 6 7 8 9 |  9.3
Fighting       | 4 5 6 7 9 10 11 | 11.1
Unarmed Combat | 4 5 6 7 9 10 11 | 11.0
Shields        | 2 4 5 |  5.9
Armour         | 2 4 |  4.3

Action                     |  1- 3 |  4- 6 |  7- 9 | 10-12 || total
---------------------------+-------+-------+-------+-------++-------
  Melee: Unarmed           |    88 |   121 |   232 |   236 ||   677
 Invoke: Ancestor Life: He |       |     1 |       |       ||     1
         Recall Ancestor   |       |       |       |     1 ||     1
    Use: Potion            |       |     1 |       |     1 ||     2
         Scroll            |       |       |       |    15 ||    15
   Stab: Confused          |       |     1 |    10 |     8 ||    19
         Distracted        |       |       |     1 |     3 ||     4
 Armour: Robe              |    30 |    26 |       |       ||    56
         Scale mail        |       |    43 |   125 |   165 ||   333
  Dodge: Dodged            |    48 |    51 |    74 |    73 ||   246
  Block: Tower shield      |       |       |    62 |   128 ||   190

Table legend: (Time is in decaauts)
 A = Elapsed time spent in this place.
 B = Non-inter-level travel time spent in this place.
 C = Inter-level travel time spent in this place.
 D = Time resting spent in this place.
 E = Time spent auto-exploring this place.
 F = Levels seen in this place.
 G = Mean time per level.
                   A        B        C        D        E       F      G
               +--------+--------+--------+--------+--------+-----+--------+
         Total |   8645 |   8247 |    398 |      0 |   6833 |  11 |  785.9 |
       Dungeon |   8645 |   8247 |    398 |      0 |   6833 |  11 |  785.9 |
               +--------+--------+--------+--------+--------+-----+--------+

Top non-repeatable levels by time:
    D:12: 1317 daAuts
     D:7: 1194 daAuts
     D:6: 1193 daAuts
     D:3: 1003 daAuts
     D:1: 945 daAuts
     D:5: 798 daAuts
     D:8: 694 daAuts
     D:2: 642 daAuts
     D:4: 506 daAuts
    D:11: 337 daAuts
     D:9: 11 daAuts
